Map: Cerulean Fall LE

Players

Grimreaper - Winner!

  • Race: Protoss Protoss
  • Spawn Location: 1:00

VOD

Have the link to the VOD?

Description

Time

  • Played on: Jan. 19, 2019, 6:22 p.m.
  • Length: 26:50
Show
View Real Time Build Order
Export as new Build Order

Grimreaper Protoss - Winner!

Build Orders:  

Get SALT Encoding   

  12  0:03  Probe (Chrono Boost)  
  13  0:19  Pylon  
  13  0:25  Probe (Chrono Boost)  
  14  0:36  Probe (Chrono Boost)  
  14  0:48  Probe (Chrono Boost)  
  15  0:55  Gateway  
  16  1:05  Probe (Chrono Boost)  
  17  1:18  Gateway  
  17  1:28  Assimilator  
  18  1:42  Probe (Chrono Boost)  
  18  1:59  Probe (Chrono Boost)  
  19  2:01  Cybernetics Core  
  19  2:15  Probe (Chrono Boost)  
  20  2:33  Nexus  
  21  2:50  Probe (Chrono Boost)  
  21  3:07  Probe (Chrono Boost)  
  22  3:24  Probe (Chrono Boost)  
  23  3:44  Pylon  
  23  4:07  Assimilator  
  24  4:10  Pylon  
  24  4:12  Probe (Chrono Boost)  
  24  4:14  Pylon  
  24  4:23  Pylon  
  24  4:29  Probe (Chrono Boost)  
  25  4:31  Warp Gate  
  25  4:36  Probe (Chrono Boost)  
  26  4:46  Probe (Chrono Boost)  
  27  4:52  Zealot x2  
  27  4:53  Probe (Chrono Boost)  
  32  5:02  Gateway, Probe (Chrono Boost)  
  32  5:08  Gateway  
  34  5:10  Probe (Chrono Boost)  
  34  5:16  Assimilator  
  34  5:19  Assimilator, Probe (Chrono Boost)  
  35  5:27  Probe (Chrono Boost)  
  36  5:36  Gateway, Probe (Chrono Boost)  
  37  5:41  Gateway  
  37  5:44  Probe (Chrono Boost)  
  37  5:47  Gateway  
  38  5:56  Probe x2 (Chrono Boost)  
  40  6:05  Zealot  
  40  6:07  Probe (Chrono Boost)  
  40  6:09  Zealot  
  44  6:13  Probe (Chrono Boost)  
  46  6:24  Probe (Chrono Boost)  
  46  6:29  Probe (Chrono Boost)  
  48  6:39  Stalker x2  
  52  6:40  Stalker  
  52  6:41  Stalker  
  52  6:47  Probe (Chrono Boost)  
  58  6:51  Probe (Chrono Boost)  
  58  7:00  Pylon  
  58  7:04  Probe (Chrono Boost)  
  58  7:05  Pylon  
  58  7:08  Probe (Chrono Boost)  
  60  7:10  Pylon  
  61  7:21  Probe (Chrono Boost)  
  61  7:47  Nexus  
  61  7:50  Forge  
  61  7:53  Forge  
  61  7:56  Forge  
  61  8:20  Twilight Council  
  61  8:23  Stargate  
  61  8:26  Robotics Facility  
  61  8:36  Zealot x2  
  61  8:37  Zealot  
  67  8:40  Adept  
  67  8:41  Adept x2  
  67  8:44  Adept  
  75  9:19  Templar Archives  
  75  9:22  Dark Shrine  
  76  9:30  Probe (Chrono Boost)  
  76  9:33  Probe (Chrono Boost)  
  78  9:40  Probe (Chrono Boost)  
  78  9:45  Pylon  
  78  9:47  Probe (Chrono Boost)  
  80  9:50  Probe (Chrono Boost)  
  80  9:52  Pylon  
  80  9:56  Pylon  
  80  9:57  Probe (Chrono Boost)  
  81  10:04  Probe (Chrono Boost)  
  81  10:07  Probe (Chrono Boost)  
  81  10:09  Sentry x2  
  87  10:10  Sentry  
  87  10:13  Zealot x3, Probe (Chrono Boost)  
  97  10:21  Probe (Chrono Boost)  
  97  10:23  Probe (Chrono Boost)  
  99  10:30  Probe (Chrono Boost)  
  99  10:32  Charge  
  99  10:38  Probe (Chrono Boost)  
  101  10:40  Probe (Chrono Boost)  
  101  10:47  Probe (Chrono Boost)  
  102  10:53  Void Ray  
  102  10:58  Protoss Air Weapons Level 1  
  102  11:00  Protoss Ground Weapons Level 1  
  102  11:01  Protoss Ground Armor Level 1, Protoss Shields Level 1  
  106  11:14  Warp Prism  
  108  11:22  Dark Templar x2  
  108  11:23  Dark Templar  
  114  11:38  Assimilator  
  114  11:42  Probe (Chrono Boost)  
  114  11:45  Assimilator  
  115  11:53  Void Ray  
  119  13:12  Void Ray  
  117  13:50  High Templar  
  117  13:51  High Templar  
  117  13:54  Stalker x2  
  125  14:03  Psionic Storm  
  125  14:09  Pylon x2  
  125  14:11  Pylon  
  125  14:15  Pylon  
  125  14:34  Void Ray  
  129  14:47  Unknown  
  114  15:15  Warp Prism  
  116  15:22  Protoss Shields Level 2, Protoss Ground Weapons Level 2, Protoss Ground Armor Level 2  
  116  15:26  Protoss Air Armor Level 1  
  116  15:34  Void Ray  
  120  16:05  Warp Prism  
  122  16:13  Robotics Bay  
  122  16:16  Fleet Beacon  
  122  16:46  Nexus  
  122  16:53  Dark Templar  
  122  16:54  Dark Templar  
  122  16:57  Nexus  
  126  17:00  Stalker  
  126  17:01  Stalker x2  
  126  17:03  Zealot  
  126  17:04  Zealot  
  136  17:25  Pylon  
  136  17:37  Anion Pulse-Crystals  
  136  17:48  Gravitic Boosters  
  136  18:48  Gravitic Drive  
  128  19:11  Stalker  
  128  19:12  Stalker x5  
  128  19:13  Stalker  
  142  19:32  Probe (Chrono Boost)  
  142  19:35  Probe (Chrono Boost)  
  144  19:49  Probe (Chrono Boost)  
  145  19:52  Probe (Chrono Boost)  
  146  20:06  Probe (Chrono Boost)  
  146  20:09  Probe (Chrono Boost)  
  148  20:11  Stalker  
  148  20:12  Stalker x4  
  148  20:13  Stalker x2  
  152  20:23  Probe (Chrono Boost)  
  152  20:26  Probe (Chrono Boost)  
  136  20:40  Probe (Chrono Boost)  
  136  20:43  Pylon, Probe (Chrono Boost)  
  136  20:47  Pylon  
  137  20:58  Extended Thermal Lance  
  123  21:28  Dark Templar x2  
  123  21:29  Dark Templar  
  127  21:31  Stalker  
  127  21:32  Stalker x3  
  117  22:34  Archon  
  113  22:59  Probe (Chrono Boost)  
  114  23:16  Probe (Chrono Boost)  
  115  23:33  Probe (Chrono Boost)  
  104  23:44  Zealot x6  
  104  23:45  Zealot  
  103  23:50  Probe (Chrono Boost)  
  93  24:13  Stalker x4  
  93  24:14  Stalker x3  
  95  24:46  Stalker x3  
  95  24:47  Stalker x2  
  95  24:48  Stalker x2  
  107  25:52  Stalker x5  
  107  25:53  Stalker x2  
  121  26:27  Robotics Facility  
  121  26:29  Robotics Facility  
  121  26:32  Robotics Facility  
  121  26:36  Robotics Facility  
  121  26:38  Zealot x4, Robotics Facility  
  121  26:39  Zealot x3  
  135  26:44  Assimilator  
Tags
 
Add a new tag
Caveats
  • Supply blocks, unpowered buildings, or Contaminate may cause inaccurate times.
  • Supply counts are checked every 10 seconds.